 Dungeon Crawl Stone Soup version 0.25.1-2-g60ff931df9 (webtiles) character file.

Game seed: 6679989693878188192

161 hawla the Skirmisher (level 5, -1/48 HPs)
             Began as a Minotaur Berserker on Oct 2, 2020.
             Was a Believer of Trog.
             Slain by an orc
             ... wielding a +0 spear
              (5 damage)
             ... on level 3 of the Dungeon.
             The game lasted 00:05:45 (2686 turns).

hawla the Skirmisher (Minotaur Berserker)           Turns: 2686, Time: 00:05:46

Health: -1/48      AC:  2    Str: 22    XL:     5   Next: 19%
Magic:  4/4        EV: 13    Int:  4    God:    Trog [**....]
Gold:   75         SH:  0    Dex: 10    Spells: 4/4 levels left

rFire    . . .     SeeInvis .   q - +2 falchion (protect)
rCold    . . .     Gourm    .   (no shield)
rNeg     . . .     Faith    .   b - +0 animal skin
rPois    .         Spirit   .   (helmet restricted)
rElec    .         Reflect  .   (no cloak)
rCorr    .         Harm     .   (no gloves)
MR       .....                  (no boots)
Stlth    +.........             (no amulet)
HPRegen  0.16/turn              n - ring of flight
MPRegen  0.09/turn              (no ring)

@: no status effects
A: retaliatory headbutt, horns 2
a: Berserk, Trog's Hand, Renounce Religion, Evoke Flight


You were on level 3 of the Dungeon.
You worshipped Trog.
Trog was pleased with you.
You were hungry.

You visited 1 branch of the dungeon, and saw 3 of its levels.

You collected 75 gold pieces.

Inventory:

Hand Weapons
 a - a +0 hand axe
 e - a +0 trident of freezing
 q - a +2 falchion of protection (weapon)
Missiles
 p - 11 poisoned darts (quivered)
Armour
 b - a +0 animal skin (worn)
 j - a +1 ring mail
 k - a +0 scale mail
Jewellery
 n - a ring of flight (left hand)
Scrolls
 i - a scroll of fear
 l - a scroll of immolation
 m - 2 scrolls of identify
 o - a scroll of blinking {unknown}
Potions
 f - a potion of curing
 g - a potion of flight
 h - a potion of resistance {unknown}
Comestibles
 c - 6 rations
 d - 3 chunks of flesh


   Skills:
 + Level 5.3 Fighting
 + Level 4.9(5.1) Axes
 + Level 1.6(3.5) Polearms
 + Level 2.5 Armour
 + Level 3.1 Dodging


You had 4 spell levels left.
You didn't know any spells.
Your spell library was empty.

Dungeon Overview and Level Annotations

Branches:
Dungeon (3/15)

Altars:
Qazlal
Trog
Uskayaw
Xom
The Shining One


Innate Abilities, Weirdness & Mutations

You reflexively headbutt those who attack you in melee.
You have a pair of horns on your head.


Message History

You completely miss the frilled lizard. The orc hits you but does no damage.
The orc priest hits you with a +0 hand axe.
The frilled lizard misses you. You furiously retaliate!
You headbutt the frilled lizard!
You kill the frilled lizard!
Trog accepts your kill.
You completely miss the orc priest.
You are feeling hungry.
The orc hits you with a +0 spear.
* * * LOW HITPOINT WARNING * * *
The kobold closely misses you.
The orc priest calls upon Beogh to heal the orc.
The orc's wounds heal themselves!
The orc hits you but does no damage.
You closely miss the orc priest.
You headbutt the orc priest, but do no damage.
The kobold hits you from afar with a +0 trident.
* * * LOW HITPOINT WARNING * * *
The orc priest barely misses you.
You riposte.
You closely miss the orc priest. The orc hits you with a +0 spear.
You die...

####################
##..................#
(..################.##
#### ####...### ###
#........### ...
######...)†....... ...
......).......###. ###
#.###†@#.....#
#..oo##.#.....
#.#K#####.#### #.#. .#
#. .# .. .. .#.


You could see an orc priest, an orc and a kobold.

Vanquished Creatures
  Jessica (D:2)
  Robin (D:2)
  3 gnolls (D:2)
  2 adders
  2 worms
  A dart slug (D:2)
  2 leopard geckos (D:2)
  An orc (D:3)
  A giant cockroach (D:1)
  17 goblins
  9 hobgoblins
  6 jackals
  A kobold (D:3)
  A quokka (D:3)
  3 ball pythons
  7 bats
  5 frilled lizards
  4 rats
67 creatures vanquished.

Notes
Turn   | Place    | Note
-------+----------+-------------------------------------------
     0 | D:1      | hawla the Minotaur Berserker began the quest for the Orb.
     0 | D:1      | Reached XP level 1. HP: 19/19 MP: 0/0
   306 | D:1      | Reached skill level 4 in Fighting
   306 | D:1      | Reached XP level 2. HP: 24/27 MP: 1/1
  1126 | D:2      | Reached XP level 3. HP: 34/34 MP: 2/2
  1129 | D:2      | Reached ** piety under Trog
  1142 | D:2      | Noticed Robin
  1154 | D:2      | Killed Robin
  1437 | D:2      | Found a glowing golden altar of the Shining One.
  1473 | D:2      | Found a shimmering altar of Xom.
  1474 | D:2      | Found a bloodstained altar of Trog.
  1476 | D:2      | Found a hide-covered altar of Uskayaw.
  1549 | D:2      | Noticed Jessica
  1553 | D:2      | Killed Jessica
  1553 | D:2      | Reached skill level 5 in Fighting
  1553 | D:2      | Reached XP level 4. HP: 42/42 MP: 3/3
  1559 | D:2      | Found a stormy altar of Qazlal.
  1638 | D:2      | Reached skill level 1 in Polearms
  2326 | D:3      | Reached XP level 5. HP: 43/48 MP: 4/4
  2686 | D:3      | Slain by an orc

Illustrated notes

Levels and vault maps discovered:
D:1:      tarquinn_simple_flora_water_f, layout_basic, minmay_misc_feat_doors
D:2:      layout_loops_ring, lemuel_crystal_altar, grunt_temple_overflow_open,
          nicolae_qazlal_general_emergency, uniq_robin, uniq_jessica
D:3:      layout_loops_ring

Skill      XL: |  1  2  3  4 |
---------------+-------------+-----
Fighting       | 4 5 |  5.3
Axes           | 4 |  4.9
Polearms       | 1 |  1.6
Dodging        | 3 |  3.1
Armour         | |  2.5

Action                   |  1- 3 |  4- 6 || total
-------------------------+-------+-------++-------
Melee: Hand axe          |    32 |    54 ||    86
       Spear             |    29 |       ||    29
       Headbutt          |     6 |    13 ||    19
       Trident           |    10 |     3 ||    13
       Falchion          |       |     3 ||     3
  Use: Scroll            |     6 |     2 ||     8
       Potion            |     1 |     2 ||     3
  Eat: Chunk             |     2 |     3 ||     5
Armor: Animal skin       |    11 |     9 ||    20
Dodge: Dodged            |    36 |    41 ||    77
       Rpst.: Falchion   |       |     3 ||     3
